 Dungeon Crawl Stone Soup version 0.31.0-9-g3a7656b989 (console) character file.

Game seed: 5678101730032601727

27666 Ignak the Thaumaturge (level 13, -10/99 HPs)
             Began as a Gnoll Air Elementalist on Jan 26, 2024.
             Was an Elder of Sif Muna.
             Mangled by a two-headed ogre
             ... wielding a +0 giant spiked club
              (25 damage)
             ... on level 2 of the Orcish Mines.
             The game lasted 00:42:44 (12957 turns).

Ignak the Thaumaturge (Gnoll Air Elementalist)     Turns: 12957, Time: 00:42:45

Health: -10/99     AC: 10    Str: 10    XL:     13   Next: 33%
Magic:  21/26      EV: 19    Int: 25    God:    Sif Muna [****..]
Gold:   770        SH:  0    Dex: 23    Spells: 4/31 levels left

rFire   + + +        y - +2 double sword {flame, freeze, rev}
rCold   + . .        (no shield)
rNeg    + + .        I - +0 leather armour of Distant Worlds {rF++ Regen+ Str-3 Dex+8}
rPois   +            b - +2 helmet {SInv}
rElec   .            E - scarf "Ymonok Deshri" {rC+ rF+, rPois Dex+2}
rCorr   .            k - +0 pair of gloves
SInv    +            c - +0 pair of boots
Will    .....        a - amulet "Ixzungigoo" {RegenMP rN+ Int+3 Slay+2}
Stlth   +++++        f - ring of positive energy
HPRegen 1.16/turn    J - ring "Zesh" {rF+ Str+5 Int+3 Slay+4}
MPRegen 0.60/turn

%: no passive effects
@: swift, marked, fugue, very quick
A: fangs 1, strong nose, distributed training
a: Renounce Religion, Channel Magic, Forget Spell, Divine Exegesis


You were on level 2 of the Orcish Mines.
You worshipped Sif Muna.
Sif Muna was greatly pleased with you.
You visited 2 branches of the dungeon, and saw 12 of its levels.
You also visited: Sewer and Bailey.

You collected 1206 gold pieces.
You spent 436 gold pieces at shops.

Inventory:

Hand Weapons
 y - the +2 Maxwell's thermic engine (weapon) {flame, freeze, rev}
   (You acquired it on level 8 of the Dungeon)
Missiles
 l - 34 poisoned darts (quivered)
Armour
 b - a +2 helmet of see invisible (worn)
 c - a +0 pair of boots (worn)
 k - a +0 pair of gloves (worn)
 E - the scarf "Ymonok Deshri" (worn) {rC+ rF+, rPois Dex+2}
   (You acquired it in a bailey)

   Dex+2:     It affects your dexterity (+2).
   rPois:     It protects you from poison
 F - a +0 troll leather armour
 I - the +0 leather armour of Distant Worlds (worn) {rF++ Regen+ Str-3 Dex+8}
   (You found it on level 8 of the Dungeon)

   Str-3:     It affects your strength (-3).
   Dex+8:     It affects your dexterity (+8).
   rF++:      It greatly protects you from fire.
   Regen+:    It increases your rate of health regeneration.
Jewellery
 a - the amulet "Ixzungigoo" (around neck) {RegenMP rN+ Int+3 Slay+2}
   (You acquired it in a bailey)

   [amulet of magic regeneration]

   RegenMP:   It increases your rate of magic regeneration.
   Int+3:     It affects your intelligence (+3).
   Slay+2:    It affects your accuracy & damage with ranged weapons and melee
   (+2).
   rN+:       It protects you from negative energy.
 f - a ring of positive energy (left hand)
 J - the ring "Zesh" (right hand) {rF+ Str+5 Int+3 Slay+4}
   (You found it on level 10 of the Dungeon)

   [ring of slaying]

   Str+5:     It affects your strength (+5).
   Int+3:     It affects your intelligence (+3).
   Slay+4:    It affects your accuracy & damage with ranged weapons and melee
   (+4).
   rF+:       It protects you from fire.
Wands
 d - a wand of mindburst (2)
 m - a wand of polymorph (17)
 q - a wand of iceblast (10)
 v - a wand of flame (30)
 D - a wand of charming (4)
Scrolls
 e - 3 scrolls of blinking
 g - a scroll of immolation
 h - a scroll of vulnerability
 r - 2 scrolls of teleportation
 t - 4 scrolls of fog
 u - 2 scrolls of fear
Potions
 i - 3 potions of magic
 j - 4 potions of enlightenment
 n - a potion of heal wounds
 o - a potion of degeneration {unknown}
 s - a potion of mutation {unknown}
 w - a potion of resistance {unknown}
 x - a potion of haste
 z - a potion of might {unknown}
 A - a potion of attraction {unknown}
 B - a potion of experience {unknown}
 C - a potion of curing
 G - a potion of ambrosia {unknown}
 H - 2 potions of berserk rage


   Skills:
 + Level 8.5 Fighting
 + Level 8.5 Short Blades
 + Level 8.5 Long Blades
 + Level 8.5 Axes
 + Level 8.5 Maces & Flails
 + Level 8.5 Polearms
 + Level 8.5 Staves
 + Level 8.5 Ranged Weapons
 + Level 8.5 Throwing
 + Level 8.5 Armour
 + Level 9.7 Dodging
 + Level 9.5 Stealth
 + Level 8.5 Shields
 + Level 8.5 Unarmed Combat
 + Level 9.9 Spellcasting
 + Level 7.4 Conjurations
 + Level 7.1 Hexes
 + Level 7.1 Summonings
 + Level 7.1 Necromancy
 + Level 7.1 Translocations
 + Level 7.1 Fire Magic
 + Level 7.1 Ice Magic
 + Level 9.0 Air Magic
 + Level 7.1 Earth Magic
 + Level 7.1 Alchemy
 + Level 9.3 Invocations
 + Level 8.5 Evocations
 + Level 7.7 Shapeshifting


You had 4 spell levels left.
You knew the following spells:

 Your Spells              Type           Power      Damage    Failure   Level
a - Shock                 Conj/Air       100%       1d9       1%          1
b - Blink                 Tloc           94%        N/A       1%          2
c - Ensorcelled Hibernat  Hex/Ice        94%        N/A       1%          2
d - Swiftness             Air            55%        N/A       1%          3
e - Anguish               Hex/Necr       23%        N/A       3%          4
f - Freezing Cloud        Conj/Ice/Air   25%        6-21      7%          5
h - Dispel Undead         Necr           47%        3d18      3%          4
x - Ozocubu's Armour      Ice            47%        N/A       1%          3
z - Fugue of the Fallen   Necr           47%        N/A       1%          3

Your spell library contained the following spells:

 Spells                   Type           Power      Damage    Failure   Level
 Kiss of Death            Conj/Necr      100%       2d13      1%          1
 Cigotuvi's Dreadful Rot  Necr/Alch/Air  100%       N/A       1%          2
 Lesser Beckoning         Tloc           94%        N/A       1%          2
 Momentum Strike          Conj/Tloc      96%        3d10      1%          2
 Static Discharge         Conj/Air       100%       3-8/arc   1%          2
 Confusing Touch          Hex            47%        N/A       1%          3
 Dazzling Flash           Conj/Hex       96%        N/A       1%          3
 Airstrike                Air            27%        2d(4-20)  1%          4
 Ignite Poison            Fire/Alch      47%        N/A       3%          4
 Iskenderun's Mystic Bla  Conj/Tloc      48%        2d11      3%          4
 Summon Blazeheart Golem  Fire/Summ      47%        N/A       3%          4
 Arcjolt                  Conj/Air       26%        1d36      6%          5
 Metabolic Englaciation   Hex/Ice        23%        N/A       10%         5
 Conjure Ball Lightning   Conj/Air       26%        3x3d7     32%         6
 Sculpt Simulacrum        Ice/Alch       23%        N/A       45%         6
 Spellforged Servitor     Conj/Summ      24%        N/A       95%         7
 Monstrous Menagerie      Summ           23%        N/A       96%         7


Dungeon Overview and Level Annotations

Branches:
Dungeon (10/15)            Temple (0/1) D:5             Orc (2/2) D:10
    Elf (0/3) Orc:2         Sewer (visited)          Bailey (visited)
   Lair: D:8-11

Altars:
Ashenzari
Cheibriados
Dithmenos
Gozag
Hepliaklqana
Kikubaaqudgha
Makhleb
Sif Muna
Yredelemnul
The Shining One

Shops:
D:4 *   D:6 *   D:8 [   Orc:2 ([[(


Innate Abilities, Weirdness & Mutations

You have very sharp teeth.
Your uncanny sense of smell can sniff out nearby items.
Your experience applies equally to all skills.


Message History

You kill the ogre!
Sif Muna accepts your kill.
The wailing of tortured souls fills the air!
An ogre mage comes into view. It is wielding a +0 spear.
Your two-headed ogre hits the ogre with a +0 giant spiked club.
Your two-headed ogre barely misses the ogre.
You barely miss the ogre. The ogre closely misses you.
You slice the ogre!! You burn the ogre.
You kill the ogre!
Sif Muna accepts your kill.
You hear a shout!
The ogre closely misses you.
You slash the ogre! You burn the ogre. You freeze the ogre.
You kill the ogre!
Sif Muna accepts your kill.
You hear a shout!
Your lindwurm bites the ogre!
Your lindwurm claws the ogre.
Your lindwurm closely misses the ogre.
The ogre mage casts a spell.
The ogre mage flickers and vanishes for a moment.
The ogre hits your lindwurm with a +0 giant club!!
Your lindwurm dies!
Your lindwurm's corpse disappears in a puff of smoke!
The ogre pulls the alarm!
The alarm trap emits a blaring wail!
A sentinel's mark forms upon you.
You hear two shouts!
You hear a shout! x6
The two-headed ogre is no longer charmed.
Casting: Fugue of the Fallen (safe; 1% risk of failure)
Confirm with . or Enter, or press ? or * to list all spells.
You feel quick. The ogre hits you with a +0 giant club!
The two-headed ogre misses you. x2
Aiming: Charm
Press: ? - help, Shift-Dir - straight line, f - two-headed ogre
Aim: a two-headed ogre, wielding two +0 giant spiked clubs (moderately wounded, chance to affect: 50%)
The two-headed ogre resists with significant effort.
The ogre hits you with a +0 giant club!!
* * * LOW HITPOINT WARNING * * *
The two-headed ogre hits you with a +0 giant spiked club!!
You die...

.............###....##
....)........##).....#
.............##......##
.$......O.. #.).)....#
)........... #))......#
)).......... #).......#
.......).....#........#
Oo.))..)....O#.OO.....#.
.O.)..........)O@∩∩.....
.....oo..........∩∩.....
.............#........#..
.....oO..... #........#
........... #........#
........... #........#
........... #........#
........... ##......##
#......#


You could see a two-headed ogre, an ogre mage (invisible) and 2 ogres.

Vanquished Creatures
  A boulder beetle (D:9)
  2 ogre magi (Orc:2)
  A death knight (D:10)
  13 two-headed ogres
  A skeletal warrior (D:9)
  2 orc knights
  An ugly thing (D:10)
  Maurice (D:9)
  Joseph (D:9)
  Jeremiah (D:7)
  An unseen horror zombie (D:7)
  2 kobold demonologists (Bailey)
  8 trolls
  A hornet (D:7)
  2 wraiths
  Sigmund (D:2)
  A wyvern (D:9)
  7 yaks
  2 steam dragons (D:8)
  2 wargs (Orc:2)
  Edmund (D:6)
  A water moccasin (D:5)
  3 sky beasts
  4 ice beasts
  19 orc warriors
  Pargi (Sewer)
  A black bear (D:5)
  10 ogres (Orc:2)
  6 centaurs
  3 phantoms
  5 kobold brigands
  Blork the orc (D:4)
  2 necrophages (D:7)
  A brain worm (Sewer)
  3 scorpions
  3 wights (D:7)
  11 killer bees
  4 howler monkeys
  A bombardier beetle (D:5)
  A centaur zombie (D:7)
  2 jellies (D:5)
  7 orc priests
  2 hounds (D:5)
  A gnoll bouda (D:10)
  A human zombie (D:7)
  3 sleepcaps
  2 iguanas
  9 orc wizards
  Ijyb (D:5)
  A killer bee zombie (D:7)
  2 mummies (D:7)
  A howler monkey zombie (D:7)
  3 gnolls (Bailey)
  10 adders
  A shadow imp (D:5)
  4 ufetubi
  A ribbon worm (D:2)
  40 orcs
  5 endoplasms
  6 giant cockroaches
  12 goblins
  9 hobgoblins
  2 jackals (D:3)
  A quokka (D:4)
  6 ball pythons
  3 bats
  3 frilled lizards
  26 kobolds
  4 rats
300 creatures vanquished.

Vanquished Creatures (collateral kills)
  An ogre mage (Orc:2)
  2 two-headed ogres (Orc:2)
  3 ogres (Orc:2)
6 creatures vanquished.

Vanquished Creatures (others)
  2 two-headed ogres
  A yak (D:9)
  3 electric eels (Bailey)
  An orc priest (Orc:2)
  2 orcs (Orc:2)
9 creatures vanquished.

Grand Total: 315 creatures vanquished

Notes
Turn   | Place    | Note
-------+----------+-------------------------------------------
     0 | D:1      | Ignak the Gnoll Air Elementalist began the quest for the
                  | Orb.
     0 | D:1      | Reached XP level 1. HP: 13/13 MP: 6/6
   428 | D:1      | Reached XP level 2. HP: 14/19 MP: 7/7
   434 | D:1      | Learned a level 2 spell: Static Discharge
   888 | D:2      | Found a faded altar of an unknown god.
  1072 | D:2      | Learned a level 2 spell: Ensorcelled Hibernation
  1264 | D:2      | Noticed Sigmund
  1532 | D:3      | Reached skill level 5 in Spellcasting
  1532 | D:3      | Reached XP level 3. HP: 25/25 MP: 4/9
  1739 | D:3      | Reached skill level 1 in Invocations
  1812 | D:3      | Learned a level 2 spell: Blink
  2643 | D:4      | Reached skill level 1 in Fighting
  2643 | D:4      | Reached skill level 1 in Short Blades
  2643 | D:4      | Reached skill level 1 in Long Blades
  2643 | D:4      | Reached skill level 1 in Axes
  2643 | D:4      | Reached skill level 1 in Maces & Flails
  2643 | D:4      | Reached skill level 1 in Polearms
  2643 | D:4      | Reached skill level 1 in Staves
  2643 | D:4      | Reached skill level 1 in Ranged Weapons
  2643 | D:4      | Reached skill level 1 in Throwing
  2643 | D:4      | Reached skill level 1 in Armour
  2643 | D:4      | Reached skill level 1 in Shields
  2643 | D:4      | Reached skill level 1 in Unarmed Combat
  2643 | D:4      | Reached skill level 1 in Evocations
  2650 | D:4      | Noticed a phantom
  2667 | D:3      | Learned a level 3 spell: Swiftness
  2689 | D:3      | Killed a phantom
  2690 | D:3      | Reached skill level 1 in Hexes
  2690 | D:3      | Reached skill level 1 in Summonings
  2690 | D:3      | Reached skill level 1 in Necromancy
  2690 | D:3      | Reached skill level 1 in Translocations
  2690 | D:3      | Reached skill level 1 in Fire Magic
  2690 | D:3      | Reached skill level 1 in Ice Magic
  2690 | D:3      | Reached skill level 1 in Earth Magic
  2690 | D:3      | Reached skill level 1 in Alchemy
  2690 | D:3      | Reached skill level 1 in Shapeshifting
  2690 | D:3      | Reached XP level 4. HP: 28/32 MP: 0/11
  2690 | D:3      | Reached XP level 5. HP: 33/37 MP: 0/12
  3050 | D:2      | Killed Sigmund
  3051 | D:2      | Reached skill level 5 in Dodging
  3051 | D:2      | Reached XP level 6. HP: 32/44 MP: 5/14
  3252 | D:4      | Noticed Blork the orc
  3260 | D:4      | Killed Blork the orc
  3282 | D:4      | Learned a level 4 spell: Anguish
  3335 | D:4      | Found an opulent altar of Gozag.
  3381 | D:4      | Found Gozag's Platinum Reserve.
  3698 | D:4      | Reached XP level 7. HP: 40/51 MP: 10/15
  3772 | D:4      | Found a snail-covered altar of Cheibriados.
  3773 | D:4      | Found a shimmering blue altar of Sif Muna.
  3775 | D:4      | Found a broken altar of Ashenzari.
  3775 | D:4      | Found an ancient bone altar of Kikubaaqudgha.
  3777 | D:4      | Found a hazy altar of Hepliaklqana.
  3778 | D:4      | Found a glowing golden altar of the Shining One.
  3793 | D:4      | Became a worshipper of Sif Muna the Loreminder
  4046 | D:5      | Entered Level 5 of the Dungeon
  4076 | D:5      | Noticed Ijyb
  4096 | D:5      | Found a staircase to the Ecumenical Temple.
  4225 | D:5      | Killed Ijyb
  4281 | D:5      | Reached skill level 5 in Stealth
  4790 | D:5      | Reached XP level 8. HP: 50/58 MP: 10/16
  5845 | D:6      | Found a glowing drain.
  5848 | D:6      | Reached * piety under Sif Muna
  5865 | Sewer    | Entered a sewer
  5984 | Sewer    | Noticed Pargi
  5994 | Sewer    | Killed Pargi
  5995 | Sewer    | Reached XP level 9. HP: 35/65 MP: 9/18
  6313 | D:6      | Found a burning altar of Makhleb.
  6442 | D:6      | Found Rufavop's General Store.
  6494 | D:6      | Bought a scroll of enchant armour for 97 gold pieces
  6494 | D:6      | Bought 2 scrolls of blinking for 195 gold pieces
  6503 | D:6      | Noticed Edmund
  6513 | D:6      | Killed Edmund
  6859 | D:7      | Noticed Jeremiah
  6860 | D:7      | Noticed a hornet
  6905 | D:7      | Killed Jeremiah
  6906 | D:7      | Reached skill level 5 in Invocations
  7026 | D:7      | Learned a level 5 spell: Freezing Cloud
  7136 | D:7      | Killed a hornet
  7584 | D:7      | Found a basalt altar of Yredelemnul.
  7722 | D:7      | Reached skill level 5 in Fighting
  7722 | D:7      | Reached skill level 5 in Short Blades
  7722 | D:7      | Reached skill level 5 in Long Blades
  7722 | D:7      | Reached skill level 5 in Axes
  7722 | D:7      | Reached skill level 5 in Maces & Flails
  7722 | D:7      | Reached skill level 5 in Polearms
  7722 | D:7      | Reached skill level 5 in Staves
  7722 | D:7      | Reached skill level 5 in Ranged Weapons
  7722 | D:7      | Reached skill level 5 in Throwing
  7722 | D:7      | Reached skill level 5 in Armour
  7722 | D:7      | Reached skill level 5 in Shields
  7722 | D:7      | Reached skill level 5 in Unarmed Combat
  7722 | D:7      | Reached skill level 5 in Evocations
  7722 | D:7      | Reached XP level 10. HP: 62/74 MP: 15/20
  8315 | D:8      | Reached ** piety under Sif Muna
  8329 | D:8      | Reached skill level 5 in Conjurations
  8500 | D:8      | Identified the +0 leather armour of Distant Worlds {rF++
                  | Regen+ Str-3 Dex+8}
  8504 | D:8      | Noticed a two-headed ogre
  8529 | D:8      | Killed a two-headed ogre
  8530 | D:8      | Reached skill level 5 in Shapeshifting
  8941 | D:8      | Found Iddeh's Antique Armour Boutique.
  8946 | D:8      | Bought a pair of gloves for 144 gold pieces
  9023 | D:8      | Identified a scroll of acquirement
  9071 | D:8      | Acquired the +2 Maxwell's thermic engine {flame, freeze,
                  | rev}
  9071 | D:8      | Found the +2 Maxwell's thermic engine {flame, freeze, rev}
  9117 | D:8      | Noticed a two-headed ogre
  9126 | D:8      | Killed a two-headed ogre
  9571 | D:9      | Reached skill level 5 in Hexes
  9571 | D:9      | Reached skill level 5 in Summonings
  9571 | D:9      | Reached skill level 5 in Necromancy
  9571 | D:9      | Reached skill level 5 in Translocations
  9571 | D:9      | Reached skill level 5 in Fire Magic
  9571 | D:9      | Reached skill level 5 in Ice Magic
  9571 | D:9      | Reached skill level 5 in Earth Magic
  9571 | D:9      | Reached skill level 5 in Alchemy
  9587 | D:9      | Reached XP level 11. HP: 40/81 MP: 22/22
  9729 | D:9      | Noticed Joseph
  9737 | D:9      | Killed Joseph
  9746 | D:9      | Found a flagged portal.
  9759 | Bailey   | Entered a bailey
  9940 | Bailey   | Found an iron altar of Okawaru.
  9949 | Bailey   | Reached *** piety under Sif Muna
 10023 | Bailey   | Acquired the scarf "Ymonok Deshri" {rC+ rF+, rPois Dex+2}
 10076 | Bailey   | Noticed an orc knight
 10131 | Bailey   | Killed an orc knight
 10435 | Bailey   | Acquired the amulet "Ixzungigoo" {RegenMP rN+ Int+3 Slay+2}
 10654 | D:9      | Noticed Maurice
 10665 | D:9      | Killed Maurice
 10701 | D:9      | Learned a level 3 spell: Fugue of the Fallen
 11110 | D:10     | Entered Level 10 of the Dungeon
 11190 | D:10     | Noticed a cyan ugly thing
 11190 | D:10     | Noticed a boulder beetle
 11192 | D:10     | Noticed a death knight
 11192 | D:10     | Noticed a skeletal warrior
 11274 | D:9      | Reached **** piety under Sif Muna
 11306 | D:10     | Learned a level 4 spell: Dispel Undead
 11334 | D:9      | Killed a skeletal warrior
 11387 | D:9      | Killed a boulder beetle
 11422 | D:10     | Killed a death knight
 11437 | D:10     | Found a shadowy altar of Dithmenos.
 11451 | D:10     | Noticed a two-headed ogre
 11458 | D:10     | Killed a two-headed ogre
 11467 | D:10     | Identified the ring "Zesh" {rF+ Str+5 Int+3 Slay+4}
 11507 | D:10     | Reached XP level 12. HP: 90/91 MP: 20/24
 11535 | D:10     | Found Quple Asigi's Lightly-Used Armoury.
 11536 | D:10     | Found a staircase to the Orcish Mines.
 12159 | D:10     | Noticed a two-headed ogre
 12168 | D:10     | Killed a two-headed ogre
 12227 | Orc:1    | Entered Level 1 of the Orcish Mines
 12319 | Orc:1    | Reached ***** piety under Sif Muna
 12395 | Orc:1    | Learned a level 3 spell: Ozocubu's Armour
 12619 | Orc:2    | Entered Level 2 of the Orcish Mines
 12623 | Orc:2    | Received a gift from Sif Muna
 12624 | Orc:2    | Got Sif Muna's Guidebook on Production and Combat Magic
                  | {god gift}
 12669 | Orc:2    | Found a staircase to the Elven Halls.
 12705 | Orc:2    | Noticed a two-headed ogre
 12706 | Orc:2    | Noticed a two-headed ogre
 12723 | Orc:2    | Noticed a two-headed ogre
 12727 | Orc:2    | Killed a two-headed ogre
 12734 | Orc:2    | Killed a two-headed ogre
 12739 | Orc:2    | Killed a two-headed ogre
 12837 | Orc:2    | Noticed an ogre mage
 12838 | Orc:2    | Noticed a two-headed ogre
 12844 | Orc:2    | Killed an ogre mage
 12847 | Orc:2    | Killed a two-headed ogre
 12859 | Orc:2    | Noticed an ogre mage
 12866 | Orc:2    | Killed an ogre mage
 12867 | Orc:2    | Noticed a two-headed ogre
 12877 | Orc:2    | Killed a two-headed ogre
 12879 | Orc:2    | Noticed a two-headed ogre
 12884 | Orc:2    | Noticed a two-headed ogre
 12890 | Orc:2    | Killed a two-headed ogre
 12891 | Orc:2    | Noticed a two-headed ogre
 12893 | Orc:2    | Noticed a two-headed ogre
 12895 | Orc:2    | Killed a two-headed ogre
 12896 | Orc:2    | Reached XP level 13. HP: 81/98 MP: 11/26
 12898 | Orc:2    | Noticed an orc warlord
 12935 | Orc:2    | Found Riec's Weapon Emporium.
 12935 | Orc:2    | Found Hukkucet's Antique Armour Shop.
 12935 | Orc:2    | Found Winkuyd's Armour Shop.
 12935 | Orc:2    | Found Fiun Ikh's Weapon Shoppe.
 12957 | Orc:2    | Mangled by a two-headed ogre

Illustrated notes

Levels and vault maps discovered:
D:1:      dpeg_arrival_refuge, layout_loops_ring
D:2:      layout_rooms, basic_ecumenical_altar, uniq_sigmund
D:3:      layout_basic
D:4:      layout_gridville, nicolae_gozag_zags_fifth_avenue,
          grunt_temple_overflow_open, minivault_27, uniq_blork_the_orc
D:5:      nicolae_cairo_tiling, layout_rooms, minmay_temple_entry_hall,
          minmay_diced_spiral, uniq_ijyb
D:6:      layout_gridville, bloody_makhleb, serial_shops,
          nicolae_shop_tiny_glass, cheibrodos_sewer_entry_drain, uniq_edmund
D:7:      layout_rooms, lemuel_mausoleum_altar_yredelemnul, serial_aquarium,
          aquarium_bridge_square [aquarium_subvault_bridge,
          aquarium_subvault_bridge, aquarium_subvault_balcony,
          aquarium_subvault_window], aquarium_bridge_long_separate
          [aquarium_subvault_bridge, aquarium_subvault_balcony,
          aquarium_subvault_wall, aquarium_subvault_bridge,
          aquarium_subvault_window, aquarium_subvault_bridge],
          aquarium_window_2, aquarium_window_corridor_1, aquarium_window_1,
          aquarium_window_fake, aquarium_view_2d, aquarium_balcony_5a,
          aquarium_pool_four, uniq_jeremiah
D:8:      cheibrodos_steamvent, layout_loops_corners, serial_shops,
          nicolae_shop_hallway_plus
D:9:      layout_loops_cross, enter_bailey_2, uniq_joseph, uniq_maurice
D:10:     nzn_winding_woodlands_small [nzn_winding_woodlands_5x15_split_checker,
          nzn_winding_woodlands_center_triple_pond,
          nzn_winding_woodlands_5x15_pockets], layout_basic,
          grunt_dithmenos_smoke_and_mirrors, orc_0_dummy, minmay_shop_damaged,
          roderic_lattice_a
Orc:1:    layout_caves
Orc:2:    st_orc_ogre_mass, layout_diamond_mine, uniq_erolcha

Skill      XL: |  1  2  3  4  5  6  7  8  9 10 11 12 13 |
---------------+----------------------------------------+-----
Conjurations   | 2 3 4 5 6 7 |  7.4
Spellcasting   | 5 6 7 8 9 |  9.9
Invocations    | 1 2 3 4 5 6 7 8 9 |  9.3
Fighting       | 1 2 3 5 6 7 8 |  8.5
Short Blades   | 1 2 3 5 6 7 8 |  8.5
Long Blades    | 1 2 3 5 6 7 8 |  8.5
Axes           | 1 2 3 5 6 7 8 |  8.5
Maces & Flails | 1 2 3 5 6 7 8 |  8.5
Polearms       | 1 2 3 5 6 7 8 |  8.5
Staves         | 1 2 3 5 6 7 8 |  8.5
Ranged Weapons | 1 2 3 5 6 7 8 |  8.5
Throwing       | 1 2 3 5 6 7 8 |  8.5
Armour         | 1 2 3 5 6 7 8 |  8.5
Shields        | 1 2 3 5 6 7 8 |  8.5
Unarmed Combat | 1 2 3 5 6 7 8 |  8.5
Evocations     | 1 2 3 5 6 7 8 |  8.5
Hexes          | 1 2 3 4 5 6 7 |  7.1
Summonings     | 1 2 3 4 5 6 7 |  7.1
Necromancy     | 1 2 3 4 5 6 7 |  7.1
Translocations | 1 2 3 4 5 6 7 |  7.1
Fire Magic     | 1 2 3 4 5 6 7 |  7.1
Ice Magic      | 1 2 3 4 5 6 7 |  7.1
Earth Magic    | 1 2 3 4 5 6 7 |  7.1
Alchemy        | 1 2 3 4 5 6 7 |  7.1
Shapeshifting  | 1 2 3 4 5 6 7 |  7.7
Dodging        | 5 6 7 8 9 |  9.7
Stealth        | 5 6 7 8 9 |  9.5
Air Magic      | 6 7 8 9 |  9.0

Action                     |  1- 3 |  4- 6 |  7- 9 | 10-12 | 13-15 || total
---------------------------+-------+-------+-------+-------+-------++-------
  Melee: Hand axe          |    12 |       |       |       |       ||    12
         Short sword       |    62 |    13 |   109 |       |       ||   184
         Bite              |     6 |     4 |    28 |    38 |     2 ||    78
         Punch             |     1 |       |     6 |    21 |       ||    28
         Halberd           |       |    24 |    42 |       |       ||    66
         Trident           |       |       |    63 |    91 |       ||   154
         Double sword      |       |       |       |   249 |    13 ||   262
  Throw: Dart              |     5 |       |     1 |     7 |       ||    13
   Cast: Shock             |    23 |     6 |    47 |    14 |       ||    90
         Static Discharge  |     2 |       |    20 |    10 |       ||    32
         Ensorcelled Hiber |     2 |    13 |    12 |     4 |       ||    31
         Blink             |     1 |     2 |     2 |     6 |     4 ||    15
         Swiftness         |       |     4 |     1 |     3 |     1 ||     9
         Freezing Cloud    |       |       |     2 |    23 |     2 ||    27
         Anguish           |       |       |       |    16 |     4 ||    20
         Fugue of the Fall |       |       |       |    15 |     1 ||    16
         Dispel Undead     |       |       |       |     3 |       ||     3
         Ozocubu's Armour  |       |       |       |     1 |     2 ||     3
         Monstrous Menager |       |       |       |       |     1 ||     1
 Invoke: Forget Spell      |       |       |       |     1 |       ||     1
         Channel Magic     |       |       |       |       |     1 ||     1
         Divine Exegesis   |       |       |       |       |     1 ||     1
  Evoke: Wand              |       |     3 |     3 |     1 |     3 ||    10
    Use: Scroll            |       |       |     8 |     8 |     1 ||    17
         Potion            |       |       |       |     5 |     2 ||     7
   Stab: Sleeping          |     9 |    10 |    26 |    16 |       ||    61
 Armour: Robe              |    12 |    12 |   178 |    87 |       ||   289
         Leather armour    |    39 |    19 |       |   168 |    15 ||   241
  Dodge: Dodged            |    52 |    28 |   238 |   309 |    26 ||   653
